 Dungeon Crawl Stone Soup version 0.27-a0-1137-g3ef0f4ec91 (webtiles) character file.

Game seed: 17943038406815691787

92 kae the Slasher (level 4, 0/34 (35) HPs)
             Began as a Demonspawn Abyssal Knight on May 6, 2021.
             Was a Follower of Lugonu.
             Succumbed to a scorpion's poison
             ... on level 4 of the Dungeon.
             The game lasted 00:01:12 (3639 turns).

kae the Slasher (Demonspawn Abyssal Knight)         Turns: 3639, Time: 00:01:13

HP:   0/34 (35)     AC:  4    Str: 14    XL:     4   Next: 35%
MP:   5/5           EV: 11    Int: 13    God:    Lugonu [*.....]
Gold: 152           SH:  0    Dex: 12    Spells: 3/3 levels left

rFire    . . .     SeeInvis .   a - +2 falchion
rCold    . . .     Faith    .   (no shield)
rNeg     . . .     Spirit   .   b - +1 leather armour
rPois    .         Reflect  .   (no helmet)
rElec    .         Harm     .   (no cloak)
rCorr    .         Rampage  .   (no gloves)
Will     .....                  (no boots)
Stlth    +.........             (no amulet)
HPRegen  0.11/turn              (no ring)
MPRegen  0.09/turn              (no ring)

@: lethally poisoned (0 -> -8), lightly drained
A: hooves 2, foul stench 1
a: Renounce Religion, Depart the Abyss


You were on level 4 of the Dungeon.
You worshipped Lugonu.
Lugonu was aware of your devotion.
You visited 1 branch of the dungeon, and saw 4 of its levels.
You visited the Abyss 1 time.

You collected 152 gold pieces.

Inventory:

Hand Weapons
 a - a +2 falchion (weapon)
Armour
 b - a +1 leather armour (worn)
Jewellery
 h - an amulet of faith
Scrolls
 f - a scroll of teleportation {unknown}
 g - a scroll of enchant armour
Potions
 c - 4 potions of curing
 d - a potion of heal wounds {unknown}
 e - a potion of haste
 i - 2 potions of lignification


   Skills:
 - Level 3.0 Fighting
 + Level 4.2 Long Blades
 - Level 1.7 Armour
 - Level 0.8 Dodging
 - Level 2.4 Invocations


You had 3 spell levels left.
You didn't know any spells.
Your spell library was empty.

Dungeon Overview and Level Annotations

Branches:
Dungeon (4/15)
 Temple: D:4-7

Altars:

Shops:
D:1 (

Annotations:
D:3 2 transporters, sanka's ghost, amateur DjSu


Innate Abilities, Weirdness & Mutations

You have hoof-like feet.
You may rarely emit foul miasma when damaged in melee.


Message History

The scorpion stings you. The scorpion closely misses you.
You hit the scorpion. Your kick misses the scorpion.
The scorpion is moderately wounded.
The scorpion completely misses you.
A scorpion is nearby!
You closely miss the scorpion.
The scorpion is moderately wounded.
The scorpion closely misses you.
You closely miss the scorpion. You kick the scorpion.
The scorpion is heavily wounded.
The scorpion barely misses you.
A scorpion is nearby!
You barely miss the scorpion. Your kick misses the scorpion.
The scorpion is heavily wounded.
The scorpion stings you. The scorpion stings you!
You are poisoned.
The scorpion poisons you!
You are too injured to fight recklessly!
A scorpion is nearby!
You are too injured to fight recklessly!
You are too injured to fight recklessly!
A scorpion is nearby!
You are too injured to fight recklessly!
You are too injured to fight recklessly!
You are too injured to fight recklessly!
You are too injured to fight recklessly!
You hit the scorpion. Your kick misses the scorpion.
The scorpion is severely wounded.
You feel very sick. The scorpion stings you.
* * * LOW HITPOINT WARNING * * *
You hit the scorpion. You kick the scorpion.
The scorpion is almost dead.
* * * LOW HITPOINT WARNING * * *
You feel very sick. The scorpion stings you.
* * * LOW HITPOINT WARNING * * *
You closely miss the scorpion.
The scorpion is almost dead.
You die...

#.# #.....#.# #.#
#.###..<# #.#
#.##...)# #.#
#.##.#..# #.#
#.##....# #.#
#.##.##.#
##.###.##.##.#
#.........##.#####.#
######........@s...#
#############.#


You could see a scorpion.

Vanquished Creatures
  3 adders (D:2)
  A white imp (D:3)
  2 worms (D:2)
  A dart slug (D:2)
  An orc (D:4)
  4 endoplasms
  2 giant cockroaches
  6 goblins
  A hobgoblin (D:3)
  9 jackals
  2 quokkas (D:3)
  6 ball pythons
  2 bats
  A frilled lizard (D:1)
  4 kobolds
  3 rats
48 creatures vanquished.

Notes
Turn   | Place    | Note
-------+----------+-------------------------------------------
     0 | Abyss:1  | kae the Demonspawn Abyssal Knight began the quest for the
                  | Orb.
     0 | Abyss:1  | Reached XP level 1. HP: 18/18 MP: 2/2
    53 | Abyss:1  | Noticed a flying skull
    58 | D:1      | Escaped the Abyss
   298 | D:1      | Reached skill level 2 in Long Blades
   655 | D:1      | Found a faded altar of an unknown god.
   691 | D:1      | Gained mutation: You have large cloven feet. [demonic
                  | ancestry]
   691 | D:1      | Reached XP level 2. HP: 20/24 MP: 3/3
  1177 | D:1      | Reached * piety under Lugonu
  1405 | D:1      | Found Dexinos's Antique Weapon Emporium.
  1487 | D:2      | Reached skill level 3 in Long Blades
  1659 | D:2      | Gained mutation: You may rarely emit foul miasma when
                  | damaged in melee. [demonic ancestry]
  1659 | D:2      | Reached XP level 3. HP: 29/29 MP: 4/4
  2774 | D:2      | Reached skill level 4 in Long Blades
  2774 | D:2      | Gained mutation: You have hoof-like feet. [demonic
                  | ancestry]
  2774 | D:2      | Reached XP level 4. HP: 35/35 MP: 5/5
  3171 | D:3      | Found a transporter.
  3172 | D:3      | Found a transporter.
  3175 | D:3      | Noticed sanka's ghost (amateur DjSu)
  3176 | D:3      | Noticed a sky beast
  3625 | D:4      | Noticed a scorpion
  3639 | D:4      | Succumbed to a scorpion's poison

Illustrated notes

Levels and vault maps discovered:
D:1:      dpeg_arrival_three_bigger_balls, layout_basic,
          shapermc_ecumenical_altar_gd, serial_shops, shop,
          kennysheep_pointless_box, minmay_bisected
D:2:      layout_basic, serial_glass, glass_columns_b, glass_columns_b
D:3:      layout_loops_ring, gammafunk_ghost_arena
D:4:      layout_basic, serial_shops, shop, chequers_serial_rivers_micro_b,
          uniq_eustachio

Skill      XL: |  1  2  3 |
---------------+----------+-----
Long Blades    | 2 3 4 |  4.2
Fighting       | |  3.0
Armour         | |  1.7
Dodging        | |  0.8
Invocations    | |  2.4

Action                   |  1- 3 |  4- 6 || total
-------------------------+-------+-------++-------
Melee: Falchion          |    93 |    33 ||   126
       Kick              |    19 |     5 ||    24
Invok: Depart the Abyss  |     1 |       ||     1
  Use: Scroll            |     5 |     3 ||     8
Armor: Leather armour    |    35 |     6 ||    41
Dodge: Dodged            |    72 |    15 ||    87
       Rpst.: Falchion   |    28 |     2 ||    30

Table legend: (Time is in decaauts)
 A = Elapsed time spent in this place.
 B = Non-inter-level travel time spent in this place.
 C = Inter-level travel time spent in this place.
 D = Time resting spent in this place.
 E = Time spent auto-exploring this place.
 F = Levels seen in this place.
 G = Mean time per level.
                   A        B        C        D        E       F      G
               +--------+--------+--------+--------+--------+-----+--------+
         Total |   3657 |   3546 |    111 |    152 |   3103 |   5 |  731.4 |
       Dungeon |   3598 |   3487 |    111 |    152 |   3050 |   4 |  899.5 |
         Abyss |     58 |     58 |      0 |      0 |     53 |   1 |   58.0 |
               +--------+--------+--------+--------+--------+-----+--------+

Top non-repeatable levels by time:
     D:1: 1419 daAuts
     D:2: 1297 daAuts
     D:3: 821 daAuts
     D:4: 59 daAuts
 Abyss:1: 58 daAuts
